 Dungeon Crawl Stone Soup version 0.30-a0-743-gbfdf073431 (webtiles) character file.

Game seed: 5093554310750403041

360 M4edhros the Covert (level 6, -1/42 HPs)
             Began as an Octopode Delver on Feb 5, 2023.
             Slain by a gnoll
             ... wielding a +0 spear
             ... led by a gnoll sergeant
              (5 damage)
             ... on level 5 of the Dungeon.
             The game lasted 00:03:05 (506 turns).

M4edhros the Covert (Octopode Delver)                Turns: 506, Time: 00:03:05

Health: -1/42      AC:  1    Str: 12    XL:     6   Next: 65%
Magic:  6/6        EV: 13    Int: 12    God:
Gold:   39         SH:  0    Dex: 15    Spells: 5/5 levels left

rFire   . . .      SeeInvis .    a - +0 short sword
rCold   . . .      Faith    .    (no shield)
rNeg    . . .      Spirit   .    (helmet restricted)
rPois   .          Reflect  .    (no amulet)
rElec   .          Harm     .    (no ring)
rCorr   .          Rampage  .    (no ring)
Will    .....                    (no ring)
Stlth   ++++++                   (no ring)
HPRegen 0.27/turn                (no ring)
MPRegen 0.10/turn                (no ring)
                                 (no ring)
                                 (no ring)

@: no status effects
A: almost no armour, amphibious, 8 rings, camouflage 1, gelatinous body 1,
(nimble swimmer 1), tentacles
a: no special abilities


You were on level 5 of the Dungeon.
You visited 1 branch of the dungeon, and saw 3 of its levels.

You collected 39 gold pieces.

Inventory:

Hand Weapons
 a - a +0 short sword (weapon)
Wands
 f - a wand of digging (2)
Scrolls
 c - a scroll of magic mapping


   Skills:
 + Level 3.4 Fighting
 + Level 2.5 Short Blades
 + Level 2.5 Dodging
 + Level 10.7 Stealth


You had 5 spell levels left.
You didn't know any spells.
Your spell library was empty.

Dungeon Overview and Level Annotations

Branches:
Dungeon (6/15)
 Temple: D:4-7

Altars:
Kikubaaqudgha

Shops:
D:6 :

Annotations:
D:4 Pikel
D:5 1 runed translucent door


Innate Abilities, Weirdness & Mutations

You cannot wear most types of armour.
You are amphibious.
You can wear up to eight rings at the same time.
Your skin changes colour to match your surroundings (Stealth+).
Your rubbery body absorbs attacks. (AC +1, EV +1)
((You are camouflaged when in or above water. (Stealth+)))
You have tentacles for arms and can constrict up to eight enemies at once.


Message History

You constrict the gnoll sergeant, but do no damage.
The gnoll sergeant barely misses you.
You hit the gnoll sergeant.
You squeeze the gnoll sergeant, but do no damage.
The gnoll sergeant is severely wounded.
You constrict the gnoll sergeant.
The gnoll sergeant hits you with a +0 trident!
You hit the gnoll sergeant but do no damage.
You squeeze the gnoll sergeant.
The gnoll sergeant is almost dead.
You constrict the gnoll sergeant.
You kill the gnoll sergeant!
You closely miss the gnoll. Your grab misses the gnoll. You squeeze the gnoll!
The gnoll is heavily wounded.
You hear a shout!
The gnoll completely misses you.
You hit the gnoll. Your grab misses the gnoll.
The gnoll is severely wounded.
The gnoll hits you from afar with a +0 spear.
The gnoll hits you with a +0 whip.
* * * LOW HITPOINT WARNING * * *
You hit the gnoll. You grab the gnoll. You squeeze the gnoll.
The gnoll is almost dead.
You constrict the gnoll, but do no damage.
You hit the gnoll.
You kill the gnoll!
The gnoll hits you from afar with a +0 spear.
* * * LOW HITPOINT WARNING * * *
Found 9 gold pieces.
Found a stone staircase leading up.
You aren't carrying any potions.
The gnoll hits you with a +0 spear.
* * * LOW HITPOINT WARNING * * *
You hit the gnoll. Your grab misses the gnoll. You squeeze the gnoll!
The gnoll is severely wounded.
The gnoll closely misses you.
You hit the gnoll but do no damage. You grab the gnoll. You squeeze the gnoll.
The gnoll is severely wounded.
You constrict the gnoll. The gnoll hits you with a +0 spear.
You die...

##### #$.... ### #..... ##.#
#..... ##@## ...###g##
#.##.###### # #.........<# #+#
#.####..######### ###.###
#....#.## ###########...gg.
##....)######.............##.
..........g.g......>####.####.
###.....######.####.####.# #.


You could see a gnoll.

Vanquished Creatures
  Grinder (D:4)
  A gnoll sergeant (D:5)
  An iguana (D:5)
  4 gnolls (D:5)
  2 adders (D:4)
  A white imp (D:5)
  A worm (D:5)
  An orc (D:4)
  3 jackals (D:4)
  A quokka (D:4)
16 creatures vanquished.

Notes
Turn   | Place    | Note
-------+----------+-------------------------------------------
     0 | D:5      | M4edhros the Octopode Delver began the quest for the Orb.
     0 | D:5      | Reached XP level 1. HP: 16/16 MP: 1/1
     1 | D:6      | Noticed an iguana
     1 | D:6      | Noticed a howler monkey
     1 | D:6      | Found Riytao's Book Shoppe.
    41 | D:4      | Reached skill level 7 in Stealth
    41 | D:4      | Reached XP level 2. HP: 6/21 MP: 2/2
   134 | D:4      | Found an ancient bone altar of Kikubaaqudgha.
   167 | D:4      | Noticed Grinder
   179 | D:4      | Reached XP level 3. HP: 26/26 MP: 3/3
   212 | D:4      | Killed Grinder
   213 | D:4      | Reached skill level 10 in Stealth
   213 | D:4      | Reached XP level 4. HP: 4/31 MP: 4/4
   213 | D:4      | Reached XP level 5. HP: 5/36 MP: 5/5
   254 | D:4      | Noticed a lemure
   255 | D:4      | Noticed Pikel
   255 | D:4      | Noticed a lemure
   255 | D:4      | Noticed a lemure
   255 | D:4      | Noticed a lemure
   285 | D:5      | Noticed a wyvern
   314 | D:5      | Reached XP level 6. HP: 6/42 MP: 6/6
   451 | D:5      | Found a runed translucent door.
   451 | D:5      | Noticed a human
   506 | D:5      | Slain by a gnoll

Illustrated notes

Levels and vault maps discovered:
D:4:      layout_cave_pools, nicolae_kikubaaqudgha_miasma_corner,
          nicolae_shop_firing_range, uniq_grinder, uniq_pikel
D:5:      layout_basic, dk_yredelemnul_ordeal,
          minmay_temple_entry_statues_pillars, uniq_menkaure
D:6:      layout_cave_pools, nicolae_stop_n_shop_2

Skill      XL: |  1  2  3 |
---------------+----------+-----
Stealth        | 7 10 | 10.7
Fighting       | |  3.4
Short Blades   | |  2.5
Dodging        | |  2.5

Action                     |  1- 3 |  4- 6 || total
---------------------------+-------+-------++-------
  Melee: Short sword       |    25 |    28 ||    53
         Tentacles         |     8 |    10 ||    18
         Constrict         |     6 |     5 ||    11
  Evoke: Wand              |       |     1 ||     1
    Use: Potion            |     1 |     1 ||     2
         Scroll            |     1 |     1 ||     2
   Stab: Sleeping          |     1 |     4 ||     5
         Fleeing           |       |     1 ||     1
 Armour: Skin              |     2 |       ||     2
  Dodge: Dodged            |     9 |    16 ||    25

Table legend: (Time is in decaauts)
 A = Elapsed time spent in this place.
 B = Non-inter-level travel time spent in this place.
 C = Inter-level travel time spent in this place.
 D = Time resting spent in this place.
 E = Time spent auto-exploring this place.
 F = Levels seen in this place.
 G = Mean time per level.
                   A        B        C        D        E       F      G
               +--------+--------+--------+--------+--------+-----+--------+
         Total |    482 |    482 |      0 |    159 |      0 |   3 |  160.7 |
       Dungeon |    482 |    482 |      0 |    159 |      0 |   3 |  160.7 |
               +--------+--------+--------+--------+--------+-----+--------+

Top non-repeatable levels by time:
     D:5: 344 daAuts
     D:4: 136 daAuts
     D:6: 1 daAuts
